 Dungeon Crawl Stone Soup version 0.29-a0-294-g83ea962da3 (webtiles) character file.

Game seed: 10966107168492086386

1627246 altcumming the Cloud Mage (level 25, 245/245 HPs)
             Began as an Octopode Air Elementalist on Mar 17, 2022.
             Was a High Priest of Ashenzari.
             Escaped with the Orb
             ... and 3 runes on Mar 18, 2022!
             The game lasted 02:32:41 (67696 turns).

altcumming the Cloud Mage (OpAE)                   Turns: 67696, Time: 02:32:42

Health: 245/245    AC: 33    Str:  4    XL:     25   Next: 82%
Magic:  39/47      EV: 35    Int: 37    God:    Ashenzari [*****.]
Gold:   2596       SH: 10    Dex: 30    Spells: 10/64 levels left

rFire   + + .      SeeInvis +   g - staff of air (curse) {Bglg, Comp}
rCold   + . .      Faith    .   j - +3 buckler of the Cryptic Failure {Int+2 Dex-2 Stlth+, Evo, Cun} (curse)
rNeg    + + .      Spirit   .   U - +2 hat "Celestial Loss" {Bglg, Elem} (curse)
rPois   ∞          Reflect  .   F - amulet of Supernal Wisdom {Regen+, Cun, Comp} (curse)
rElec   +          Harm     .   m - ring "I Foresaw This" {Will+, Self, Elem} (curse)
rCorr   .          Rampage  .   Z - ring of the Eternal Seer {Dex+6, Elem, Evo} (curse)
Will    +++..      Clarity  +   O - ring of the Unveiling Moon {Int+6, Bglg, Elem} (curse)
Stlth   +++.......              c - ring of protection from cold
HPRegen 1.30/turn               W - ring "Shattered Together" {rF+ rN+ Int+4, Comp, Bglg} (curse)
MPRegen 0.30/turn               B - ring of the Revealing Vision {Will+, Range, Elem} (curse)
                                S - +6 ring of dexterity
                                M - ring of the Gnostic Loss {Dex+6, Cun, Evo} (curse)

@: statue-form, very slow
A: slow and powerful, torment resistance 1, boosted hp, almost no armour,
amphibious, 8 rings, camouflage 1, (gelatinous body 1), (nimble swimmer 1),
tentacles, berserk 1, clumsy 1, fire resistance 1, weak 2
0: Orb of Zot
}: 3/15 runes: serpentine, barnacled, slimy
a: End Transformation, Renounce Religion, Curse Item, Shatter the Chains


You escaped.
You worshipped Ashenzari.
Ashenzari was extremely pleased with you.
You were a living statue of rough stone.
You visited 10 branches of the dungeon, and saw 50 of its levels.
You visited 2 bazaars.
You also visited: Sewer, Ice Cave and Wizlab.

You collected 5485 gold pieces.
You spent 2889 gold pieces at shops.

Inventory:

Missiles
 E - 2 curare-tipped darts
 G - 8 throwing nets
Armour
 j - the cursed +3 buckler of the Cryptic Failure (worn) {Int+2 Dex-2 Stlth+, Evo, Cun}
   (You found it on level 11 of the Dungeon)

   Int:       It affects your intelligence (+2).
   Dex:       It affects your dexterity (-2).
   Stlth:     It makes you more stealthy.
   It has a curse which improves the following skills: Evocations: Evocations.
   Cunning:   Dodging and Stealth.
 U - the cursed +2 hat "Celestial Loss" (worn) {Bglg, Elem}
   (You found it on level 5 of the Lair of Beasts)

   It has a curse which improves the following skills: Beguiling: Conjurations,
   Hexes and Translocations.
   Elements:  Fire Magic, Ice Magic, Air Magic and Earth Magic.
Magical Staves
 g - a cursed staff of air (weapon) {Bglg, Comp}
   (You found it on level 3 of the Lair of Beasts)
Jewellery
 c - a ring of protection from cold (on tentacle)
   (You took it off a draconian knight on level 3 of the Realm of Zot)
 m - the cursed ring "I Foresaw This" (left tentacle) {Will+, Self, Elem}
   (You took it off a red draconian on level 4 of the Depths)

   [ring of willpower]

   Will:      It increases your willpower.
   It has a curse which improves the following skills: Introspection: Fighting
   and Spellcasting.
   Elements:  Fire Magic, Ice Magic, Air Magic and Earth Magic.
 p - a ring of protection from fire
   (You found it on level 4 of the Shoals)
 u - a ring of wizardry
   (You found it on level 3 of the Realm of Zot)
 v - a ring of flight
   (You took it off a purple draconian on level 4 of the Realm of Zot)
 B - the cursed ring of the Revealing Vision (on tentacle) {Will+, Range, Elem}
   (You bought it in a shop in a bazaar)

   [ring of willpower]

   Will:      It increases your willpower.
   It has a curse which improves the following skills: Ranged Combat: Slings,
   Bows, Crossbows and Throwing.
   Elements:  Fire Magic, Ice Magic, Air Magic and Earth Magic.
 D - the ring "Qonidas" {Will+ rCorr Int+3}
   (You found it on level 5 of the Pits of Slime)

   [ring of resist corrosion]

   Int:       It affects your intelligence (+3).
   rCorr:     It protects you from acid and corrosion.
   Will:      It increases your willpower.
 F - the cursed amulet of Supernal Wisdom (around mantle) {Regen+, Cun, Comp}
   (You found it on level 9 of the Dungeon)

   [amulet of regeneration]

   Regen:     It increases your rate of health regeneration.
   It has a curse which improves the following skills: Cunning: Dodging and
   Stealth.
   Companions: Summonings and Necromancy.
 M - the cursed ring of the Gnostic Loss (on tentacle) {Dex+6, Cun, Evo}
   (You found it on level 3 of the Shoals)

   [ring of dexterity]

   Dex:       It affects your dexterity (+6).
   It has a curse which improves the following skills: Cunning: Dodging and
   Stealth.
   Evocations: Evocations.
 O - the cursed ring of the Unveiling Moon (on tentacle) {Int+6, Bglg, Elem}
   (You found it on level 4 of the Lair of Beasts)

   [ring of intelligence]

   Int:       It affects your intelligence (+6).
   It has a curse which improves the following skills: Beguiling: Conjurations,
   Hexes and Translocations.
   Elements:  Fire Magic, Ice Magic, Air Magic and Earth Magic.
 Q - a ring of magical power
   (You found it on level 5 of the Realm of Zot)
 S - a +6 ring of dexterity (on tentacle)
   (You took it off a tengu reaver on level 3 of the Depths)
 W - the cursed ring "Shattered Together" (on tentacle) {rF+ rN+ Int+4, Comp, Bglg}
   (You took it off a vault warden on level 4 of the Vaults)

   [ring of positive energy]

   Int:       It affects your intelligence (+4).
   rF:        It protects you from fire.
   rN:        It protects you from negative energy.
   It has a curse which improves the following skills: Companions: Summonings
   and Necromancy.
   Beguiling: Conjurations, Hexes and Translocations.
 Z - the cursed ring of the Eternal Seer (right tentacle) {Dex+6, Elem, Evo}
   (You found it on level 3 of the Vaults)

   [ring of dexterity]

   Dex:       It affects your dexterity (+6).
   It has a curse which improves the following skills: Elements: Fire Magic, Ice
   Magic, Air Magic and Earth Magic.
   Evocations: Evocations.
Wands
 y - a wand of acid (7)
   (You found it on level 7 of the Dungeon)
 C - a wand of charming (5)
   (You found it on level 3 of the Depths)
 H - a wand of paralysis (9)
   (You found it on level 10 of the Dungeon)
 K - a wand of iceblast (12)
   (You found it on level 11 of the Dungeon)
 P - a wand of mindburst (4)
   (You found it on level 4 of the Lair of Beasts)
 Y - a wand of digging (12)
   (You took it off a tengu warrior on level 14 of the Dungeon)
Scrolls
 i - 5 scrolls of magic mapping
 k - 6 scrolls of fog
 o - 2 scrolls of holy word
 t - 13 scrolls of teleportation
 x - 7 scrolls of immolation
 z - 5 scrolls of blinking
 J - 10 scrolls of vulnerability
 L - 3 scrolls of amnesia
 R - 5 scrolls of summoning
 T - 4 scrolls of fear
Potions
 a - 2 potions of magic
 b - 8 potions of mutation
 d - 9 potions of might
 e - a potion of invisibility
 h - 13 potions of haste
 l - 6 potions of brilliance
 n - 2 potions of resistance
 q - 16 potions of curing
 r - 5 potions of cancellation
 w - a potion of heal wounds
 A - 3 potions of flight
Miscellaneous
 s - a tin of tremorstones (1/2)
   (You found it on level 2 of the Depths)
 I - a box of beasts
   (You found it on level 3 of the Snake Pit)
 N - a phantom mirror
   (You found it on level 3 of the Lair of Beasts)
 V - a condenser vane
   (You found it on level 6 of the Lair of Beasts)


   Skills:
 + Level 18.1(20.2) Fighting
 - Level 4.0 Short Blades
 + Level 16.3(20.6) Dodging
 - Level 7.7(12.2) Stealth
 - Level 5.0 Shields
 - Level 17.8(20.0) Spellcasting
 - Level 12.5(18.0) Conjurations
 - Level 16.7(21.0) Summonings
 - Level 4.3(9.2) Translocations
 - Level 7.1 Transmutations
 - Level 21.0(27) Air Magic
 - Level 11.6(18.0) Earth Magic
 + Level 12.8(17.3) Evocations


You had 10 spell levels left.
You knew the following spells:

 Your Spells              Type           Power      Damage    Failure   Level
b - Conjure Ball Lightni  Conj/Air       70%        3x3d26    0%          6
c - Malign Gateway        Summ/Tloc      49%        N/A       1%          7
d - Lehudib's Crystal Sp  Conj/Erth      53%        10d12     4%          8
e - Spellforged Servitor  Conj/Summ      55%        N/A       1%          7
f - Summon Lightning Spi  Summ/Air       100%       N/A       0%          4
g - Maxwell's Capacitive  Air            75%        ∞         1%          8
h - Statue Form           Tmut/Erth      61%        N/A       1%          6
i - Irradiate             Conj/Tmut      46%        3d28      1%          5
w - Swiftness             Air            100%       N/A       0%          3

Your spell library contained the following spells:

 Spells                   Type           Power      Damage    Failure   Level
 Magic Dart               Conj           100%       1d8       0%          1
 Shock                    Conj/Air       100%       1d9       0%          1
 Summon Small Mammal      Summ           100%       N/A       0%          1
 Call Imp                 Summ           100%       N/A       0%          2
 Passwall                 Tmut/Erth      76%        N/A       0%          2
 Poisonous Vapours        Pois/Air       100%       N/A       0%          2
 Static Discharge         Conj/Air       100%       N/A       0%          2
 Mephitic Cloud           Conj/Pois/Air  100%       N/A       0%          3
 Airstrike                Air            75%        N/A       0%          4
 Iskenderun's Battlesphe  Conj           100%       2d15      0%          5
 Lee's Rapid Deconstruct  Erth           53%        3d26*     0%          5
 Lightning Bolt           Conj/Air       70%        1d95      0%          5
 Animate Skeleton         Necr           82%        N/A       1%          1
 Apportation              Tloc           100%       N/A       1%          1
 Beastly Appendage        Tmut           100%       N/A       1%          1
 Foxfire                  Conj/Fire      100%       2x1d9     1%          1
 Freeze                   Ice            100%       1d11      1%          1
 Pain                     Necr           100%       1d9       1%          1
 Slow                     Hex            100%       N/A       1%          1
 Sting                    Tmut/Pois      100%       1d8       1%          1
 Blink                    Tloc           100%       N/A       1%          2
 Ensorcelled Hibernation  Hex/Ice        86%        N/A       1%          2
 Sublimation of Blood     Necr           41%        N/A       1%          2
 Wereblood                Tmut           74%        N/A       1%          2
 Confusing Touch          Hex            43%        N/A       1%          3
 Conjure Flame            Conj/Fire      82%        6-21      1%          3
 Frozen Ramparts          Ice            88%        1d10      1%          3
 Gell's Gravitas          Tloc           81%        N/A       1%          3
 Inner Flame              Hex/Fire       43%        N/A       1%          3
 Lesser Beckoning         Tloc           81%        N/A       1%          3
 Summon Guardian Golem    Hex/Summ       87%        N/A       1%          3
 Teleport Other           Tloc           81%        N/A       1%          3
 Flame Wave               Conj/Fire      82%        2d14      1%          4
 Fulminant Prism          Conj/Hex       41%        3d20      1%          4
 Hailstorm                Conj/Ice       82%        3d17      1%          4
 Ice Form                 Ice/Tmut       61%        N/A       1%          4
 Iskenderun's Mystic Bla  Conj/Tloc      95%        2d18      1%          4
 Passage of Golubria      Tloc           81%        N/A       1%          4
 Petrify                  Tmut/Erth      92%        N/A       1%          4
 Sticky Flame             Conj/Fire      82%        2d9       1%          4
 Summon Ice Beast         Ice/Summ       87%        N/A       1%          4
 Blade Hands              Tmut           37%        N/A       1%          5
 Borgnjor's Vile Clutch   Necr/Erth      41%        N/A       1%          5
 Fireball                 Conj/Fire      41%        3d17      1%          5
 Manifold Assault         Tloc           81%        N/A       1%          5
 Silence                  Hex/Air        59%        N/A       1%          5
 Summon Forest            Summ/Tloc      49%        N/A       1%          5
 Summon Mana Viper        Hex/Summ       87%        N/A       1%          5
 Iron Shot                Conj/Erth      53%        9d10      1%          6
 Summon Cactus Giant      Summ           57%        N/A       1%          6
 Monstrous Menagerie      Summ           57%        N/A       1%          7
 Orb of Destruction       Conj           53%        9d13      1%          7
 Storm Form               Tmut/Air       63%        N/A       1%          7
 Summon Hydra             Summ           57%        N/A       1%          7
 Summon Horrible Things   Summ           57%        N/A       1%          8
 Vampiric Draining        Necr           41%        2d8       2%          3
 Dispersal                Tloc           40%        N/A       3%          6
 Alistair's Intoxication  Tmut/Pois      39%        N/A       6%          5
 Dispel Undead            Necr           41%        3d16      8%          4
 Olgreb's Toxic Radiance  Pois           37%        N/A       10%         4
 Metabolic Englaciation   Hex/Ice        21%        N/A       19%         5
 Agony                    Necr           41%        N/A       22%         5
 Excruciating Wounds      Necr           20%        N/A       22%         5
 Eringya's Noxious Bog    Tmut/Pois      29%        N/A       34%         6
 Simulacrum               Ice/Necr       21%        N/A       71%         6
 Borgnjor's Revivificati  Necr           20%        N/A       100%        8
 Necromutation            Tmut/Necr      30%        N/A       100%        8
 Death's Door             Necr           20%        N/A       100%        9
 Animate Armour           Summ/Erth      Unusable   N/A       N/A         4

Dungeon Overview and Level Annotations

Branches:
Dungeon (15/15)            Temple (1/1) D:7            Lair (6/6) D:9
 Shoals (4/4) Lair:2        Snake (4/4) Lair:2        Slime (5/5) Lair:6
    Orc (2/2) D:11            Elf (0/3) Orc:2        Vaults (4/5) D:14
  Crypt (0/3) Vaults:2     Depths (4/4) D:15            Zot (5/5) Depths:4
  Sewer (visited)           IceCv (visited)          WizLab (visited)

Altars:
Ashenzari
Cheibriados
Dithmenos
Elyvilon
Fedhas
Gozag
Hepliaklqana
Kikubaaqudgha
Makhleb
Okawaru
Qazlal
Ru
Sif Muna
Trog
Uskayaw
Vehumet
Wu Jian
Xom
Yredelemnul
Zin
The Shining One
Jiyva
Lugonu

Shops:
D:1 !   D:11 :   D:13 (   Orc:1 *   Orc:2 ([:*   Shoals:1 *   Snake:1 (
Depths:4 (

Portals:
Hell: Depths:1 Depths:2 Depths:3 Depths:4
Abyss: Orc:1 Snake:2 Depths:1 Depths:3 Depths:4
Pandemonium: Depths:2
Ziggurat: Depths:4

Annotations:
D:5 2 transporters, Tutankhamun's ghost, novice TrFi
D:13 1 runed translucent door, Upsec's ghost, journeyman SpBr
Shoals:2 1 runed translucent door, fly's ghost, adept KoHu
Shoals:4 2 runed translucent doors, passata's ghost, adept DECj
Snake:2 2 transporters, Pizon's ghost, adept SpEn
Vaults:2 3 runed translucent doors, Dublagg's ghost, veteran MiFi; fritzmikael's ghost, adept MiFi
Zot:5 1 exclusion


Innate Abilities, Weirdness & Mutations

You are a living statue of rough stone.
Your actions are slow, but your melee attacks are powerful.
You are resistant to unholy torment.
Your maximum health is greatly increased.
You are immune to poison.
You cannot wear most types of armour.
You are amphibious.
You can wear up to eight rings at the same time.
Your skin changes colour to match your surroundings (Stealth+).
((Your rubbery body absorbs attacks. (AC +1, EV +1)))
((You are camouflaged when in or above water. (Stealth+)))
You have tentacles for arms and can constrict up to eight enemies at once.
You tend to lose your temper in combat.
You are clumsy. (Dex -2)
Your flesh is heat resistant. (rF+)
You are very weak. (Str -4)


Message History

You kill the demonspawn corrupter!
The starcursed mass disappears in a puff of smoke! x3
The deep elf high priest disappears in a puff of smoke!
The starcursed mass disappears in a puff of smoke! x2
You hear a bellow!
Things that are here:
a +2 vampiric battleaxe; a +3 chain mail of fire resistance; a demonspawn corpse
There is a stone staircase leading up, spattered with blood here.
Okay, then.
You revert to your normal fleshy form.
You are confused.
You feel invigorated.
A blizzard demon comes into view.
You feel less invigorated.
You feel less confused.
You climb upwards.
There is a stone staircase leading down here.
There is a stone staircase leading up here.
You feel better.
You feel better.
(D) Dungeon (T) Temple (L) Lair (A) Shoals (P) Snake Pit (M) Slime Pits (O) Orcish Mines (E) Elven Halls (V) Vaults (C) Crypt (U) Depths (H) Hell (Z) Zot
Where to? (Enter - D:8 @ (x,y), ? - help)
What level of the Dungeon? (default 1, ? - help)
You climb upwards.
Your magical contamination has completely faded away.
There is a stone staircase leading down here.
An Orb Guardian comes into view.
You feel yourself speed up.
There is a stone staircase leading up here.
You climb upwards.
Level annotation: 2 transporters, Tutankhamun's ghost, novice TrFi
There is a stone staircase leading down here.
(D) Dungeon (T) Temple (L) Lair (A) Shoals (P) Snake Pit (M) Slime Pits (O) Orcish Mines (E) Elven Halls (V) Vaults (C) Crypt (U) Depths (H) Hell (Z) Zot
Where to? (Enter - D:1 @ (x,y), ? - help)
Your extra speed is starting to run out.
You feel yourself slow down.
You see here a book of Burglary.
There is a stone staircase leading up, spattered with blood here.
You climb upwards.
There is a stone staircase leading down here.
A Brimstone Fiend comes into view.
Unknown command.
A Ypetwem and a large abomination come into view.
Press: ? - help, v - describe, . - travel
Here: Ypetwem The floor.
Unknown command.
Unknown command.
Unknown command.
Blink to where?
Press: ? - help, Dir - move target
As you read the scroll of blinking, it crumbles to dust.
A small abomination, an Executioner and a Hell Sentinel come into view.
The small abomination moves out of view.
Things that are here:
a +0 ring mail; a +0 club Unknown command.
The Hell Sentinel roars!
There is a stone staircase leading up, spattered with blood here.
You climb upwards.
There is a stone staircase leading down here.
(D) Dungeon (T) Temple (L) Lair (A) Shoals (P) Snake Pit (M) Slime Pits (O) Orcish Mines (E) Elven Halls (V) Vaults (C) Crypt (U) Depths (H) Hell (Z) Zot
Where to? (Enter - D:1 @ (x,y), ? - help)
Things that are here:
a +0 robe; a +0 dagger
There is an escape hatch in the ceiling here.
A mysterious force pulls you upwards. The hatch slams shut behind you.
There is a stone staircase leading up here.
You climb upwards.
There is a stone staircase leading down here.
A hellion comes into view.
Casting: Irradiate (safe; 1% risk of failure)
Confirm with . or Enter, or press ? or * to list all spells.
You turn into a living statue of rough stone.
Casting: Statue Form (mildly dangerous; 1% risk of failure)
Confirm with . or Enter, or press ? or * to list all spells.
You feel a surge of power!
You begin accumulating electric charge. (Press . to continue charging.)
You feel charge building up... The hellion gestures at you.
The sphere of damnation explodes!
The damnation engulfs you!!
You feel charge building up...
The electricity discharges through the hellion!
The hellion vaporises in an electric haze!
You kill the hellion!
You open the door.
There is an open door here.
There is a staircase leading out of the dungeon here.
Enter note: gg HP restored.
You have escaped!

###.# ######.# ###.(.#.#..
#.# ####'#### ###..#.##..
##.# ##PP#.#PP#####.#.#####
#..# ##PPP#.#≈≈P####.### #
#.## ##PPPP#.#≈≈≈P###.### #
#.# #P.P..#.#≈≈≈≈P##.### #
#.# #PPP..#.#≈≈≈≈P##.### #
#.##########.#######...####
#
#.##.+......8......'......#
#
#.##.#######.#######...##.#
#
##.##.#P≈≈≈≈#.#....P######.#
# #.....#P≈≈≈≈#.#...PP####
#># # #..#####P≈≈≈#.#...P##
#.# # #..# ##P≈≈#.#.PP###
#.# # #†.# ##PP#.#PP##.###
#)# # #..# ####+#####...#
#.# # #..# #...###.#.# #.#


There were no monsters in sight!

Vanquished Creatures
  the Royal Jelly (Slime:5)
  An ancient lich (Zot:5)
  A dread lich (Zot:5)
  3 orbs of fire (Zot:5)
  A Head Instructor (WizLab)
  9 Killer Klowns
  Bai Suzhen (Vaults:3)
  2 caustic shrikes
  2 curse toes
  Xtahua (Vaults:4)
  13 golden dragons
  A profane servitor (D:12)
  A Tzitzimitl (D:12)
  An electric golem (Zot:5)
  2 Hell Sentinels
  12 tentacled monstrosities
  Rupert (D:15)
  A walking crystal tome (Depths:3)
  2 liches (Depths:3)
  30 Orb Guardians
  8 quicksilver dragons
  An ancient champion (Depths:2)
  18 acid blobs
  A titan (Depths:2)
  5 death cobs
  Polyphemus (Shoals:4)
  4 sphinxes
  2 krakens
  5 tengu reavers
  10 shadow dragons
  Kirke (Shoals:4)
  A demonspawn warmonger (D:8)
  7 azure jellies
  6 storm dragons
  6 draconian monks
  6 nagarajas
  6 fire giants
  5 draconian knights
  8 vault wardens
  Ilsuiw (Shoals:4)
  8 rockslimes
  A ghost moth (Zot:5)
  4 iron dragons
  3 draconian scorchers (Zot:3)
  2 balrugs
  A cacodemon (D:13)
  2 frost giants
  2 orc warlords (Vaults:4)
  A ghoul (Vaults:2)
  A juggernaut zombie (Depths:3)
  A curse skull (Vaults:2)
  4 draconian shifters
  A reaper (D:8)
  A war gargoyle (Vaults:4)
  7 quicksilver oozes
  10 stone giants
  A demonspawn corrupter (D:8)
  11 very ugly things
  5 draconian annihilators
  3 ironbound thunderhulks
  12 ironbound preservers
  7 black draconians
  2 entropy weavers
  2 vampire knights (Depths:4)
  5 green draconians
  A minotaur (D:11)
  10 white draconians
  4 yellow draconians
  13 red draconians
  6 spark wasps
  6 dire elephants
  11 purple draconians
  A crystal guardian (Vaults:4)
  A green death (D:15)
  5 fire dragons
  4 merfolk javelineers
  2 merfolk impalers
  An ettin (shapeshifter) (Depths:2)
  8 ettins
  13 yaktaur captains
  Josephine (D:10)
  A deep elf high priest (Vaults:4)
  7 great orbs of eyes
  A peacekeeper (Vaults:4)
  9 ice dragons
  A rakshasa (D:13)
  4 salamander tyrants
  An ogre mage (D:15)
  11 hydras
  A hell beast (Depths:2)
  11 anacondas
  2 vault guards
  5 spriggan air magi
  16 naga warriors
  8 boulder beetles
  A spriggan skeleton (Depths:3)
  2 spriggan zombies (Depths:3)
  12 ironbound frosthearts
  4 merfolk avatars
  7 merfolk aquamancers
  A caustic shrike simulacrum (Depths:3)
  3 catoblepae
  13 centaur warriors
  The ghost of ouz the Archer, a journeyman TeHu of Cheibriados (D:11)
  7 deep troll shamans
  A death knight (D:15)
  A hell hog (Depths:2)
  7 two-headed ogres
  6 deep troll earth magi
  A titan zombie (Depths:3)
  14 death yaks
  5 satyrs
  2 vampire magi
  6 tengu warriors
  A soul eater (Vaults:2)
  9 hell knights
  9 shock serpents
  4 spriggan berserkers
  2 spriggans (Depths:3)
  18 naga sharpshooters
  A deep elf knight (WizLab)
  8 sun demons
  8 salamander mystics
  3 death drakes (Depths:4)
  A sixfirhy (D:13)
  A spark wasp zombie (Depths:3)
  52 deep trolls
  7 iron trolls
  A flayed ghost (Depths:2)
  10 sea snakes
  3 glowing orange brains
  9 naga ritualists
  13 lindwurms
  9 wizards
  42 harpies
  An obsidian statue (Vaults:4)
  A sphinx zombie (Depths:3)
  3 phantasmal warriors
  5 orc knights
  2 deep elf pyromancers
  11 mana vipers
  7 necromancers
  An orc sorcerer (Orc:1)
  15 ironbound convokers
  2 shining eyes
  15 manticores
  12 fauns
  18 ugly things
  11 salamanders
  12 cyclopes
  A moth of wrath (shapeshifter) (Depths:3)
  16 moths of wrath
  14 vault sentinels
  4 guardian serpents
  39 black mambas
  6 merfolk sirens
  12 elephants
  An eye of devastation (Slime:5)
  27 naga magi
  8 water nymphs
  5 cane toads
  A rime drake (shapeshifter) (D:13)
  22 yaktaurs
  3 hellions
  A rime drake (Lair:6)
  4 ice devils (IceCv)
  A kobold demonologist (D:10)
  13 komodo dragons
  An unseen horror (D:11)
  A tengu conjurer (WizLab)
  2 red devils
  3 efreet
  2 freezing wraiths
  A polar bear (Lair:6)
  5 wind drakes
  11 trolls
  A troll (shapeshifter) (Vaults:3)
  3 hornets
  12 blink frogs
  15 merfolk
  A wind drake (shapeshifter) (Depths:3)
  A dream sheep (shapeshifter) (D:13)
  89 slime creatures
  7 snapping turtles
  9 dream sheep
  A culicivora (Vaults:4)
  3 shadows
  6 wraiths
  20 yaks
  14 water elementals
  A fire bat (shapeshifter) (D:15)
  7 wyverns
  19 golden eyes
  A chaos spawn (Depths:2)
  3 basilisks
  6 vampire mosquitoes
  A redback (Vaults:1)
  51 nagas
  4 wargs
  2 acid dragons
  8 water moccasins
  A harpy simulacrum (IceCv)
  A floating eye (Depths:2)
  2 black bears (D:5)
  An ice beast (D:6)
  12 orc warriors
  3 sky beasts
  7 ogres
  4 boggarts
  7 wolves
  7 centaurs
  9 kobold brigands
  A nameless horror (Zot:5)
  A necrophage (D:4)
  7 bullfrogs
  5 gnoll sergeants
  2 two-headed ogre simulacra (IceCv)
  4 scorpions
  2 elephant simulacra (IceCv)
  6 killer bees
  2 electric eels (Lair:6)
  4 howler monkeys
  3 jellies
  A hound (D:3)
  7 orc priests
  6 iguanas
  12 orc wizards
  A troll simulacrum (IceCv)
  5 hell rats (Lair:3)
  2 spriggan simulacra (IceCv)
  2 wolf simulacra (IceCv)
  15 gnolls
  10 adders
  2 naga simulacra (IceCv)
  A shadow imp (D:3)
  3 white imps (Lair:4)
  2 ufetubi (IceCv)
  2 worms
  52 orcs
  15 endoplasms
  8 giant cockroaches
  4 goblins
  A hobgoblin (D:3)
  2 jackals (D:3)
  45 kobolds
  8 quokkas
  10 ball pythons
  8 bats
  11 frilled lizards
  8 rats
  A butterfly (Lair:1)
  2 lurking horrors (Orc:1)
  8 tentacles
1705 creatures vanquished.

Vanquished Creatures (collateral kills)
  A curse toe (Zot:5)
  A tentacled monstrosity (Zot:4)
  An Orb Guardian (Zot:5)
  An acid blob (Slime:5)
  2 shadow dragons
  A draconian monk (Zot:3)
  A red draconian (Zot:3)
  2 black draconians
  A white draconian (Zot:3)
  A dire elephant (Lair:5)
  A purple draconian (Zot:3)
  A yaktaur captain (Vaults:4)
  An ice dragon (Lair:4)
  5 death yaks
  A naga sharpshooter (Snake:4)
  An orc knight (D:15)
  A wizard (WizLab)
  A mana viper (WizLab)
  An ugly thing (D:12)
  A salamander (Snake:3)
  A manticore (D:12)
  2 cyclopes (Orc:2)
  4 oklob plants (Lair:6)
  A black mamba (Lair:2)
  13 elephants
  A vault sentinel (Vaults:2)
  2 rime drakes
  A cane toad (Lair:3)
  5 slime creatures (D:12)
  A polar bear (Lair:6)
  4 blink frogs
  4 dream sheep (Lair:3)
  A spriggan (Lair:5)
  A shadow (D:12)
  A wyvern (Lair:5)
  11 yaks
  A naga (Lair:2)
  2 orc warriors
  3 centaurs (D:12)
  8 wolves
  2 bullfrogs
  A hell rat (Lair:3)
  4 orcs
  7 ball lightnings
107 creatures vanquished.

Vanquished Creatures (others)
  11 eldritch tentacles
  3 humans (Shoals:4)
  398 ball lightnings
  120 fungi
  369 plants
  8 tentacles
  6 withered plants (Vaults:2)
915 creatures vanquished.

Grand Total: 2727 creatures vanquished

Notes
Turn   | Place    | Note
-------+----------+-------------------------------------------
     0 | D:1      | altcumming the Octopode Air Elementalist began the quest
                  | for the Orb.
     0 | D:1      | Reached XP level 1. HP: 11/11 MP: 3/3
   150 | D:1      | Found Vyxuess's Distillery.
   275 | D:1      | Reached XP level 2. HP: 9/17 MP: 0/5
   911 | D:2      | Found a faded altar of an unknown god.
  1146 | D:2      | Reached XP level 3. HP: 21/21 MP: 0/6
  2022 | D:3      | Reached XP level 4. HP: 23/27 MP: 3/8
  2436 | D:3      | Reached skill level 4 in Air Magic
  2491 | D:3      | Reached XP level 5. HP: 31/31 MP: 6/9
  2687 | D:3      | Found a stormy altar of Qazlal.
  2881 | D:3      | Learned a level 2 spell: Static Discharge
  2886 | D:3      | Found the +3 woodcutter's axe {vorpal}
  3476 | D:3      | Reached XP level 6. HP: 19/36 MP: 11/11
  4161 | D:4      | Learned a level 3 spell: Swiftness
  4212 | D:4      | Reached skill level 5 in Air Magic
  4295 | D:4      | Reached XP level 7. HP: 27/41 MP: 8/13
  4815 | D:5      | Entered Level 5 of the Dungeon
  4850 | D:5      | Learned a level 4 spell: Airstrike
  4858 | D:5      | Reached skill level 1 in Fighting
  5162 | D:5      | Found a glowing drain.
  5166 | Sewer    | Entered a sewer
  5428 | Sewer    | Reached XP level 8. HP: 48/52 MP: 12/15
  5716 | D:5      | Noticed Tutankhamun's ghost (novice TrFi)
  5718 | D:5      | Found a transporter.
  5728 | D:5      | Reached skill level 5 in Spellcasting
  5794 | D:5      | Reached skill level 6 in Air Magic
  5919 | D:5      | Found a transporter.
  5988 | D:5      | Reached skill level 5 in Dodging
  6369 | D:6      | Reached skill level 5 in Stealth
  6528 | D:6      | Identified the +7 dagger of Zoishocy {venom, Fragile rPois
                  | rC+ SInv}
  6970 | D:7      | Reached XP level 9. HP: 35/56 MP: 17/17
  7144 | D:7      | Reached skill level 7 in Air Magic
  7367 | D:7      | Found a staircase to the Ecumenical Temple.
  7397 | Temple   | Entered the Ecumenical Temple
  7574 | Temple   | Became a worshipper of Ashenzari the Shackled
  8900 | D:9      | Noticed a death yak
  8978 | D:8      | Reached * piety under Ashenzari
  8978 | D:8      | Identified a scroll of acquirement
  9124 | D:9      | Noticed a hornet
  9126 | D:9      | Killed a hornet
  9198 | D:9      | Reached skill level 1 in Short Blades
  9238 | D:9      | Acquired a +0 hat
  9403 | D:9      | Found a staircase to the Lair.
  9403 | D:9      | Noticed a death yak
  9413 | D:9      | Noticed a death yak
  9414 | D:9      | Reached XP level 10. HP: 63/63 MP: 11/22
  9550 | D:9      | Noticed a death yak
  9637 | D:9      | Killed a death yak
  9778 | D:9      | Noticed a death yak
  9824 | D:9      | Killed a death yak
  9825 | D:9      | Reached skill level 5 in Fighting
  9906 | D:9      | Killed a death yak
 10283 | D:9      | Reached skill level 5 in Evocations
 10658 | D:9      | Killed a death yak
 10659 | D:9      | Reached skill level 8 in Air Magic
 10781 | D:10     | Entered Level 10 of the Dungeon
 10964 | D:10     | Reached XP level 11. HP: 71/71 MP: 14/23
 11119 | D:10     | Reached ** piety under Ashenzari
 11171 | D:10     | Noticed a sun demon
 11198 | D:10     | Noticed Josephine
 11217 | D:10     | Reached skill level 5 in Conjurations
 11358 | D:10     | Killed Josephine
 12170 | D:11     | Found a staircase to the Orcish Mines.
 12247 | D:10     | Learned a level 7 spell: Orb of Destruction
 12255 | D:10     | Learned a level 7 spell: Spellforged Servitor
 12256 | D:11     | Noticed a manticore
 12266 | D:11     | Killed a manticore
 12267 | D:11     | Reached skill level 1 in Summonings
 12481 | D:11     | Found Lomeyge's Book Shoppe.
 12498 | D:11     | Bought a book of the Sky for 528 gold pieces
 12540 | D:11     | Identified the +3 buckler of Luuth {Int+2 Dex-2 Stlth+}
 12758 | D:11     | Found a runed translucent gate.
 12758 | D:11     | Found a runed translucent gate.
 12758 | D:11     | Found a runed translucent gate.
 12764 | D:11     | Noticed a minotaur
 12764 | D:11     | Noticed ouz's ghost (journeyman TeHu)
 13161 | Lair:1   | Entered Level 1 of the Lair of Beasts
 13319 | Lair:1   | Found a frozen archway.
 13330 | IceCv    | Entered an ice cave
 13362 | IceCv    | Reached skill level 9 in Air Magic
 13829 | IceCv    | Noticed a reaper
 13974 | Lair:1   | Reached XP level 12. HP: 77/77 MP: 15/25
 14407 | Lair:1   | Noticed a seven-headed hydra
 14442 | Lair:1   | Killed a seven-headed hydra
 14640 | Lair:2   | Reached skill level 10 in Air Magic
 15142 | Lair:2   | Noticed a five-headed hydra
 15610 | Lair:2   | Found a staircase to the Snake Pit.
 15709 | Lair:2   | Learned a level 4 spell: Summon Lightning Spire
 15756 | Lair:2   | Found a staircase to the Shoals.
 15763 | Lair:2   | Reached skill level 10 in Spellcasting
 16533 | Lair:2   | Killed a five-headed hydra
 16534 | Lair:2   | Reached skill level 11 in Air Magic
 16712 | Lair:3   | Reached *** piety under Ashenzari
 17538 | Lair:3   | Reached XP level 13. HP: 81/81 MP: 8/28
 17560 | Lair:3   | Reached skill level 12 in Air Magic
 18368 | Lair:4   | Noticed an ice dragon
 18378 | Lair:4   | Killed an ice dragon
 19604 | Lair:5   | Identified the +7 hunting sling of Cruel Justice {venom,
                  | rC+ rN+ Int-5 Dex+4}
 19804 | Lair:5   | Reached skill level 13 in Air Magic
 20210 | Lair:5   | Reached **** piety under Ashenzari
 20442 | Lair:5   | Reached skill level 1 in Shields
 20798 | Lair:5   | Reached skill level 14 in Air Magic
 20915 | Lair:5   | Reached XP level 14. HP: 90/90 MP: 14/32
 21119 | Lair:5   | Noticed a dire elephant
 21144 | Lair:5   | Killed a dire elephant
 21398 | Lair:6   | Entered Level 6 of the Lair of Beasts
 21526 | Lair:6   | Found a staircase to the Slime Pits.
 21551 | Lair:6   | Reached skill level 15 in Air Magic
 23351 | Lair:6   | Reached skill level 16 in Air Magic
 23904 | Lair:6   | Learned a level 8 spell: Maxwell's Capacitive Coupling
 25007 | D:12     | Found the +1 robe of Vines {NoPotionHeal Regen++++}
 25919 | D:12     | Learned a level 6 spell: Statue Form
 26162 | D:13     | Reached skill level 1 in Earth Magic
 26164 | D:13     | Reached skill level 1 in Transmutations
 26311 | D:13     | Found Allozotit's Weapon Shop.
 26602 | D:13     | Reached XP level 15. HP: 99/99 MP: 26/34
 27292 | D:13     | Found a runed translucent door.
 27292 | D:13     | Found a shimmering altar of Xom.
 27292 | D:13     | Noticed Upsec's ghost (journeyman SpBr)
 28082 | D:14     | Found a gate to the Vaults.
 28219 | D:14     | Reached skill level 5 in Earth Magic
 28239 | D:14     | Identified the +1 robe of Eternal Night {rF+ rN+}
 28252 | D:14     | Reached skill level 5 in Transmutations
 28644 | D:15     | Entered Level 15 of the Dungeon
 28816 | D:15     | Noticed Rupert
 28937 | D:15     | Found a flickering gateway to a bazaar.
 28956 | D:15     | Reached ***** piety under Ashenzari
 28960 | D:15     | Paralysed by Rupert for 5 turns
 28976 | D:15     | Killed Rupert
 28994 | Bazaar   | Entered a bazaar
 28994 | Bazaar   | Found Nuuwej's Book Shoppe.
 28994 | Bazaar   | Found Fodaaj's Jewellery Boutique.
 28994 | Bazaar   | Found Kyelleim's Book Shoppe.
 28994 | Bazaar   | Found Immezo Biwy's Armour Shop.
 29104 | Bazaar   | Found Ocezxa's Magic Scroll Emporium.
 29104 | Bazaar   | Found Feryk's Weapon Shop.
 29135 | Bazaar   | Bought a ring of willpower for 375 gold pieces
 29135 | Bazaar   | Bought a ring of wizardry for 450 gold pieces
 29909 | D:15     | Identified the Collected Works on Ignition and Shape
                  | Shifting
 30056 | D:15     | Found a staircase to the Depths.
 30274 | Orc:1    | Entered Level 1 of the Orcish Mines
 30303 | Orc:1    | Found Paijin's Assorted Antiques.
 30334 | Orc:1    | Found a corrupted altar of Lugonu.
 30337 | Orc:1    | Found a one-way gate to the infinite horrors of the Abyss.
 30347 | Orc:1    | Reached skill level 5 in Summonings
 30723 | Orc:2    | Entered Level 2 of the Orcish Mines
 30730 | Orc:2    | Found a staircase to the Elven Halls.
 30740 | Orc:2    | Found Naux's Antique Armour Emporium.
 30761 | Orc:2    | Reached XP level 16. HP: 48/109 MP: 2/36
 30937 | Orc:2    | Found Movvix's Antique Weapon Shop.
 31030 | Orc:2    | Learned a level 5 spell: Irradiate
 31252 | Orc:2    | Found Yrghesirch's General Store.
 31324 | Orc:2    | Found Qougygat's Book Emporium.
 31735 | Snake:1  | Entered Level 1 of the Snake Pit
 32319 | Snake:1  | Found Loets's Weapon Boutique.
 32903 | Snake:2  | Noticed a tentacled starspawn
 33873 | Snake:2  | Noticed Pizon's ghost (adept SpEn)
 33930 | Snake:2  | Found a transporter.
 34038 | Snake:2  | Found a transporter.
 34198 | Snake:3  | Noticed a nagaraja
 34429 | D:11     | Bought a book of the Spheres for 648 gold pieces
 34438 | D:11     | Learned a level 6 spell: Conjure Ball Lightning
 34638 | Snake:3  | Noticed a nagaraja
 34639 | Snake:3  | Killed a nagaraja
 34741 | Snake:3  | Killed a nagaraja
 34744 | Snake:3  | Reached skill level 17 in Air Magic
 35064 | Snake:3  | Reached XP level 17. HP: 119/119 MP: 23/37
 35183 | Snake:3  | Reached skill level 10 in Conjurations
 36170 | Snake:3  | Reached skill level 18 in Air Magic
 36856 | Snake:4  | Entered Level 4 of the Snake Pit
 37600 | Snake:4  | Reached skill level 19 in Air Magic
 38414 | Snake:4  | Reached XP level 18. HP: 126/126 MP: 7/38
 38607 | Snake:4  | Reached skill level 20 in Air Magic
 38950 | Snake:4  | Got a serpentine rune of Zot
 39196 | Shoals:1 | Entered Level 1 of the Shoals
 39432 | Shoals:1 | Found Qetto's Gadget Gallery.
 40183 | Shoals:2 | Found a runed translucent door.
 40184 | Shoals:2 | Found a shimmering altar of Xom.
 40184 | Shoals:2 | Identified Sif Muna's Grimoire of Shifting Contamination
 40185 | Shoals:2 | Noticed fly's ghost (adept KoHu)
 40766 | Shoals:2 | Upgraded the game from 0.29-a0-289-g2178c42546 to
                  | 0.29-a0-294-g83ea962da3
 40860 | Shoals:3 | Reached skill level 21 in Air Magic
 41924 | Shoals:4 | Entered Level 4 of the Shoals
 41938 | Shoals:4 | Noticed Polyphemus
 42040 | Shoals:4 | Killed Polyphemus
 42047 | Shoals:4 | Reached skill level 10 in Dodging
 42387 | Shoals:4 | Identified the +6 fustibalus of Xaagy {venom, rElec}
 42759 | Shoals:4 | Noticed Ilsuiw
 42765 | Shoals:4 | Killed Ilsuiw
 42956 | Shoals:4 | Reached XP level 19. HP: 133/133 MP: 16/39
 43322 | Shoals:4 | Noticed Kirke
 43326 | Shoals:4 | Killed Kirke
 43454 | Shoals:4 | Found a large runed translucent door.
 43455 | Shoals:4 | Found a large runed translucent door.
 43455 | Shoals:4 | Noticed passata's ghost (adept DECj)
 43528 | Shoals:4 | Reached skill level 10 in Fighting
 43541 | Shoals:4 | Got a barnacled rune of Zot
 43547 | Shoals:4 | Identified the +11 chain mail of Baleful Lucidity {-Tele
                  | Rampage rPois}
 44175 | Vaults:1 | Entered Level 1 of the Vaults
 44204 | Vaults:1 | Reached skill level 10 in Summonings
 45033 | Vaults:1 | Identified the +6 great sword of the Sky {spect, rN+ Str+9}
 45034 | Vaults:1 | Identified the +4 great sword of the Foot {drain, rC-
                  | Int+4}
 45315 | Vaults:1 | Identified the +7 hand axe "Daxonkac" {freeze, rElec Str+3
                  | Int-3}
 46347 | Vaults:2 | Reached XP level 20. HP: 76/145 MP: 12/40
 46695 | Vaults:2 | Found a runed translucent gate.
 46695 | Vaults:2 | Found a runed translucent gate.
 46701 | Vaults:2 | Noticed Dublagg's ghost (veteran MiFi)
 46709 | Vaults:2 | Noticed fritzmikael's ghost (adept MiFi)
 46724 | Vaults:2 | Found a runed translucent gate.
 47074 | Vaults:2 | Found a staircase to the Crypt.
 47610 | Vaults:3 | Reached skill level 15 in Summonings
 47855 | Vaults:3 | Identified the +6 glaive "Arbiter" {vamp, rC+ Will+ rCorr
                  | Int-2}
 48562 | Vaults:3 | Noticed Bai Suzhen
 48581 | Vaults:3 | Killed Bai Suzhen
 48984 | D:11     | Bought a Grand Grimoire for 408 gold pieces
 49035 | D:11     | Killed ouz's ghost
 49294 | Vaults:4 | Noticed Xtahua
 49302 | Vaults:4 | Killed Xtahua
 49934 | Vaults:4 | Identified the ring "Trusted Companion" {rF+ rN+ Int+4}
 49955 | Vaults:4 | Reached XP level 21. HP: 147/147 MP: 9/41
 50784 | Vaults:4 | Found a gateway to a bazaar.
 50871 | Bazaar   | Entered a bazaar
 50916 | Bazaar   | Found Cyattung's Distillery.
 50922 | Bazaar   | Found Vepocw's Armour Shoppe.
 50951 | Bazaar   | Found Isoethax's Armour Emporium.
 50961 | Bazaar   | Found Ahiepton's Weapon Shoppe.
 50998 | Bazaar   | Bought a potion of haste for 150 gold pieces
 50998 | Bazaar   | Bought a potion of haste for 150 gold pieces
 50998 | Bazaar   | Bought a potion of curing for 45 gold pieces
 50998 | Bazaar   | Bought a potion of curing for 45 gold pieces
 50998 | Bazaar   | Bought a potion of curing for 45 gold pieces
 50998 | Bazaar   | Bought a potion of curing for 45 gold pieces
 51218 | Vaults:4 | Reached skill level 15 in Spellcasting
 51403 | Vaults:4 | Learned a level 7 spell: Malign Gateway
 51591 | Depths:1 | Entered Level 1 of the Depths
 51603 | Depths:1 | Reached skill level 1 in Translocations
 51627 | Depths:1 | Found an ancient bone altar of Kikubaaqudgha.
 51690 | Depths:1 | Found a magical portal.
 51698 | WizLab   | Entered Yara's Duelist Academy
 52283 | WizLab   | Noticed Polle
 52287 | WizLab   | Killed Polle the Head Instructor
 52457 | WizLab   | Found the +5 demon whip "Spellbinder" {antimagic, Will+}
 53102 | Depths:1 | Found a gateway to Hell.
 53816 | Depths:2 | Found a one-way gate leading to the halls of Pandemonium.
 53909 | Depths:2 | Paralysed by a floating eye for 3 turns
 53911 | Depths:2 | Noticed a golden dragon
 53917 | Depths:2 | Killed a golden dragon
 53919 | Depths:2 | Noticed a caustic shrike
 53928 | Depths:2 | Killed a caustic shrike
 54017 | Depths:2 | Found a shimmering blue altar of Sif Muna.
 54436 | Depths:2 | Noticed a golden dragon
 54440 | Depths:2 | Killed a golden dragon
 54457 | Depths:2 | Reached XP level 22. HP: 136/158 MP: 25/43
 55088 | Depths:3 | Noticed a caustic shrike
 55571 | Depths:3 | Identified the +5 long sword of Hablen {venom, *Corrode
                  | rPois Int+8 Dex-5}
 55748 | Depths:3 | Killed a caustic shrike
 55821 | Depths:3 | Found a bloodstained altar of Trog.
 55822 | Depths:3 | Found a blossoming altar of Fedhas.
 55823 | Depths:3 | Found a blossoming altar of Fedhas.
 55823 | Depths:3 | Found a stormy altar of Qazlal.
 56394 | Depths:4 | Entered Level 4 of the Depths
 56563 | Depths:4 | Noticed a golden dragon
 56569 | Depths:4 | Killed a golden dragon
 56912 | Depths:4 | Noticed a golden dragon
 56917 | Depths:4 | Killed a golden dragon
 56924 | Depths:4 | Reached skill level 15 in Fighting
 57037 | Depths:4 | Found Zaps's Antique Weapon Boutique.
 57268 | Depths:4 | Reached XP level 23. HP: 169/169 MP: 31/45
 57349 | Depths:4 | Noticed a golden dragon
 57371 | Depths:4 | Killed a golden dragon
 57704 | Depths:4 | Noticed a golden dragon
 57723 | Depths:4 | Found a gate to the Realm of Zot.
 57888 | Depths:4 | Killed a golden dragon
 57934 | Depths:4 | Noticed a golden dragon
 58113 | Depths:4 | Found a one-way gateway to a ziggurat.
 58269 | Depths:4 | Killed a golden dragon
 58999 | Slime:1  | Entered Level 1 of the Pits of Slime
 59023 | Lair:6   | Learned a level 8 spell: Lehudib's Crystal Spear
 59052 | Slime:2  | Found a viscous altar of Jiyva.
 59094 | Slime:2  | Gained mutation: Your flesh is heat resistant. (rF+) [a
                  | shining eye]
 59095 | Slime:2  | Gained mutation: You are weak. (Str -2) [a shining eye]
 59095 | Slime:2  | Gained mutation: You are very weak. (Str -4) [a shining
                  | eye]
 59098 | Slime:2  | Gained mutation: You are clumsy. (Dex -2) [a shining eye]
 59394 | Slime:3  | Reached skill level 5 in Shields
 59443 | Slime:5  | Entered Level 5 of the Pits of Slime
 59615 | Slime:5  | Noticed the Royal Jelly
 60181 | Slime:5  | Identified the +5 morningstar "Daffoesy" {flame, rN+ Will+
                  | Str+4}
 60188 | Slime:5  | Found a viscous altar of Jiyva.
 60189 | Slime:5  | Identified the +6 hand axe "Mufuosch" {antimagic, rElec
                  | Str+9 Dex+2}
 60191 | Slime:5  | Identified the +7 spear of the Girdle {flame, *Corrode
                  | rPois Str+8 Int-3}
 60192 | Slime:5  | Identified the +7 hand axe "Luanlooc" {freeze, Int+6}
 60192 | Slime:5  | Identified the ring "Qonidas" {Will+ rCorr Int+3}
 60263 | Slime:5  | Killed the Royal Jelly
 60915 | Slime:5  | Got a slimy rune of Zot
 61532 | Zot:1    | Entered Level 1 of the Realm of Zot
 61788 | Zot:1    | Reached XP level 24. HP: 177/177 MP: 33/47
 61890 | Zot:1    | Reached skill level 10 in Earth Magic
 62528 | Zot:2    | Noticed a curse toe
 62542 | Zot:2    | Killed a curse toe
 63993 | Zot:4    | Noticed a Killer Klown
 63997 | Zot:4    | Killed a Killer Klown
 64822 | Zot:5    | Entered Level 5 of the Realm of Zot
 64958 | Zot:5    | Noticed a curse toe
 65077 | Zot:5    | Killed a curse toe
 65490 | Zot:5    | Noticed a Killer Klown
 65499 | Zot:5    | Noticed a Killer Klown
 65509 | Zot:5    | Noticed a Killer Klown
 65511 | Zot:5    | Killed a Killer Klown
 65512 | Zot:5    | Reached skill level 10 in Evocations
 65517 | Zot:5    | Noticed a Killer Klown
 65522 | Zot:5    | Noticed an orb of fire
 65524 | Zot:5    | Gained mutation: You tend to lose your temper in combat.
                  | [an orb of fire]
 65525 | Zot:5    | Noticed an orb of fire
 65526 | Zot:5    | Killed a Killer Klown
 65535 | Zot:5    | Killed an orb of fire
 65536 | Zot:5    | Reached XP level 25. HP: 145/186 MP: 9/47
 65555 | Zot:5    | Killed an orb of fire
 65572 | Zot:5    | Killed a Killer Klown
 65725 | Zot:5    | Noticed a Killer Klown
 65727 | Zot:5    | Identified the cursed +2 hat "Celestial Loss" {Bglg, Elem}
                  | (You found it on level 5 of the Lair of Beasts)
 65727 | Zot:5    | Identified the cursed ring "I Foresaw This" {Will+, Self,
                  | Elem} (You took it off a red draconian on level 4 of the
                  | Depths)
 65727 | Zot:5    | Identified the cursed ring of the Eternal Seer {Dex+6,
                  | Elem, Evo} (You found it on level 3 of the Vaults)
 65727 | Zot:5    | Identified the cursed ring of the Unveiling Moon {Int+6,
                  | Bglg, Elem} (You found it on level 4 of the Lair of Beasts)
 65727 | Zot:5    | Identified the cursed ring of the Gnostic Loss {Dex+6, Cun,
                  | Evo} (You found it on level 3 of the Shoals)
 65731 | Zot:5    | Killed a Killer Klown
 65732 | Zot:5    | Reached skill level 15 in Dodging
 65913 | Zot:5    | Noticed a Killer Klown
 65920 | Zot:5    | Killed a Killer Klown
 65929 | Zot:5    | Noticed a dread lich
 65932 | Zot:5    | Killed a dread lich
 66036 | Zot:5    | Noticed a Killer Klown
 66047 | Zot:5    | Killed a Killer Klown
 66048 | Zot:5    | Noticed a Killer Klown
 66166 | Zot:5    | Noticed an ancient lich
 66170 | Zot:5    | Killed an ancient lich
 66184 | Zot:5    | Killed a Killer Klown
 66190 | Zot:5    | Killed a Killer Klown
 66431 | Zot:5    | Noticed an orb of fire
 66434 | Zot:5    | Killed an orb of fire
 66812 | Zot:5    | Got the Orb of Zot
 67642 | D:4      | Noticed Ypetwem the pandemonium lord
 67695 | D:1      | gg
 67696 | D:$      | Escaped with the Orb!

Illustrated notes

###.# ######.# ###.(.#.#..
#.# ####'#### ###..#.##..
##.# ##PP#.#PP#####.#.#####
#..# ##PPP#.#≈≈P####.### #
#.## ##PPPP#.#≈≈≈P###.### #
#.# #P.P..#.#≈≈≈≈P##.### #
#.# #PPP..#.#≈≈≈≈P##.### #
#.##########.#######...####
#
#.##.+......8......'......#
#
#.##.#######.#######...##.#
#
##.##.#P≈≈≈≈#.#....P######.#
# #.....#P≈≈≈≈#.#...PP####
#># # #..#####P≈≈≈#.#...P##
#.# # #..# ##P≈≈#.#.PP###
#.# # #†.# ##PP#.#PP##.###
#)# # #..# ####+#####...#
#.# # #..# #...###.#.# #.#


Turn 67695 on D:1: gg

Levels and vault maps discovered:
D:1:      psy_arrival_terrarium, layout_loops_ring, serial_shops, shop
D:2:      layout_basic, nicolae_ecumenical_lake_church, dreamdust_wishing_well
D:3:      layout_loops_ring, mainiacjoe_overflow_small_starburst,
          pf_guarded_unrand_woodcutter
D:4:      layout_cave_pools
D:5:      layout_rooms, gup_sewer_entry_spiral, gammafunk_ghost_arena,
          st_stairs_8
D:6:      layout_cave_pools, hangedman_decor_slide_cut
D:7:      layout_loops_cross, minmay_temple_entry_large_hall,
          kennysheep_big_empty_room, serial_bayou_pond_a
D:8:      layout_rooms, corexii_hall_statues_s, minmay_holes
D:9:      layout_roguey, dpeg_lair_monsters
D:10:     layout_stronghold, hangedman_abyss_or_decor_lesser_grid,
          minmay_misc_feat_diagonals, uniq_josephine
D:11:     layout_rooms, david_orc_3, maelrawn_ghost_gauntlet_escape,
          serial_shops, shop
D:12:     layout_stronghold, hellmonk_guarded_unrand_vines
D:13:     layout_basic, ebering_ghost_xom, serial_shops, nicolae_shop_trees,
          roderic_nine_men_s_morris, grunt_ministairs_6
D:14:     layout_roguey, david_vaults_1
D:15:     gammafunk_enter_depths_forms, layout_long_grid, serial_shops,
          bzr_in_the_mist, minmay_misc_feat_nine_boxes, uniq_rupert
Temple:   mainiacjoe_temple_starburst
Lair:1:   layout_gridlike, portal_ice_cave_entry_pillars_2, lemuel_fruit_fields,
          serial_bayou_shore_a
Lair:2:   layout_hall_layers, shoals_dummy_entry, guppyfry_snake_entry_garden,
          grunt_megastairs_5, infiniplex_staircase_pool
Lair:3:   layout_regular_city, minivault_23
Lair:4:   layout_small_grid, bobbens_ice_dragon_lair, grunt_megastairs_3
Lair:5:   mu_elephants_graveyard, layout_cave_shapes,
          infiniplex_staircase_pool_2
Lair:6:   grunt_lair_end_beastmaster, layout_gridlike,
          minmay_slime_entry_oklob_open
Shoals:1: layout_shoals, nicolae_shop_gadgets
Shoals:2: layout_shoals, ebering_ghost_xom
Shoals:3: layout_shoals
Shoals:4: shoals_end_grunt_garden, layout_shoals, shoal_ilsuiw,
          ebering_ghost_disaster_area, uniq_polyphemus, uniq_kirke
Snake:1:  layout_onion, serial_shops, nicolae_shop_trees, grunt_ministairs_1,
          serial_bayou_shore_b
Snake:2:  layout_gridlike, gammafunk_ghost_abyssal_escape
Snake:3:  kennysheep_snake, layout_cave_pods, special_room
Snake:4:  snake_pit, layout_misc_corridors, serial_bayou_pond_a
Slime:1:  layout_caves, basic_altar
Slime:2:  layout_caves, basic_altar
Slime:3:  layout_caves
Slime:4:  layout_caves
Slime:5
Orc:1:    layout_diamond_mine, serial_shops, shop,
          amcnicky_altar_lugonu_corruption
Orc:2:    grunt_orc_gardens, layout_caves, grunt_orc_garden, grunt_orc_garden,
          grunt_orc_garden, grunt_orc_garden
Vaults:1: v_alt_pattern_1, nicolae_vaults_murderbox, grunt_vaults_trifunnel,
          ontoclasm_vaults_decontamination, grunt_vaults_swirl, v_misc_3,
          nicolae_vaults_shelves_hall, vaults_room_grunt_arrival_ludios,
          layout_vaults_omnigrid
Vaults:2: gammafunk_ghost_cemetery, nicolae_vaults_border_crossing,
          minmay_crypt_entry_simple_box, v_misc_15, ontoclasm_vaults_hangar,
          nicolae_vaults_puzzle_piece, hangedman_vaults_stream,
          ontoclasm_vaults_idyll, vaults_standard_mumra_lines,
          vaults_mumra_minichess, nicolae_vaults_little_ls, v_alt_pattern_2,
          grunt_vaults_hallway_short, grunt_vaults_focal, vaults_room_pool,
          layout_vaults_ring
Vaults:3: v_alt_pattern_6, nicolae_vaults_rhombus_6,
          ontoclasm_vaults_claustrophobia, vaults_room_semicircle, v_misc_22,
          vaults_mumra_lcd, vaults_room_stairs_pillars,
          nicolae_vaults_little_squares_4, v_misc_27, grunt_vaults_twisty,
          vaults_dpeg_ring, st_spiral_rooms, layout_vaults_maze_snakey,
          uniq_bai_suzhen
Vaults:4: v_pattern_2, v_alt_pattern_6, vaults_dpeg_hooks, st_lines,
          ontoclasm_vaults_spin, v_alt_pattern_1, hangedman_vaults_impose,
          vaults_dpeg_encased_lava, hangedman_vaults_locks,
          nicolae_vaults_what_the_h, grunt_vaults_funnel,
          layout_vaults_big_room, serial_shops, statue_bzr, uniq_xtahua
Depths:1: layout_gridlike, mu_enter_wizlab_4, hell_entry,
          hangedman_abyss_entry_splay, kiku_gazebo_pond_becter
Depths:2: minmay_crescents, layout_gridville, pan_entry, lemuel_blue_sif_altar,
          grunt_mini_vestibule, minmay_misc_feat_chi, library_closet
Depths:3: minmay_the_grid_octo_tiled_squarecenter [minmay_the_grid_octo_teeth,
          minmay_the_grid_octo_tetromino_candy, minmay_the_grid_octo_shrine,
          minmay_the_grid_octo_horde,
          minmay_the_grid_square_5x5_megaprize_crossed,
          minmay_the_grid_square_5x5_moneybag,
          minmay_the_grid_square_5x5_gyroscope,
          minmay_the_grid_square_5x5_eight, minmay_the_grid_square_5x5_minibox],
          layout_gridlike, serial_sigils, serial_sigils_hangedman_gut,
          serial_sigils_hangedman_quiver, serial_sigils_hangedman_stare,
          serial_sigils_hangedman_shear, hell_entry, abyss_entry
Depths:4: lemuel_castle_with_subvaults [lemuel_castle_interior_carwin_3],
          layout_gridville, enter_ziggurat_b, hangedman_geh_valley,
          minmay_misc_feat_doors, serial_shops, nicolae_shop_statue_plus,
          abyss_entry
Zot:1:    layout_onion, skrybe_zot_glass_3
Zot:2:    layout_cathedral_of_symmetry
Zot:3:    layout_onion_interference
Zot:4:    layout_misc_corridors, uniq_josephina
Zot:5:    layout_gridlike

Skill      XL: |  1  2  3  4  5  6  7  8  9 10 11 12 13 14 15 16 17 18 19 20 21 22 23 24 25 |
---------------+----------------------------------------------------------------------------+-----
Conjurations   | 2 3 7 8 9 10 11 12 | 12.5
Spellcasting   | 3 4 5 8 9 11 12 13 15 16 17 | 17.8
Air Magic      | 4 5 6 7 8 9 11 14 16 17 19 21 | 21.0
Fighting       | 3 5 6 9 11 13 15 16 18 | 18.1
Dodging        | 4 5 8 10 11 12 13 14 16 | 16.3
Stealth        | 5 6 7 |  7.7
Short Blades   | 2 4 |  4.0
Evocations     | 6 7 10 12 | 12.8
Summonings     | 3 5 7 9 13 16 | 16.7
Shields        | 2 5 |  5.0
Earth Magic    | 2 6 9 11 | 11.6
Transmutations | 2 7 |  7.1
Translocations | 4 |  4.3

Action                   |  1- 3 |  4- 6 |  7- 9 | 10-12 | 13-15 | 16-18 | 19-21 | 22-24 | 25-27 || total
-------------------------+-------+-------+-------+-------+-------+-------+-------+-------+-------++-------
Melee: Dagger            |    19 |     6 |    14 |   184 |   195 |    49 |       |       |       ||   467
       Tentacles         |     8 |     6 |    17 |    46 |    55 |    70 |    98 |   163 |    25 ||   488
       Constrict         |     4 |     7 |    21 |    26 |    21 |    28 |    41 |    32 |    14 ||   194
       Battleaxe         |       |    17 |    80 |       |       |       |       |       |       ||    97
       Punch             |       |       |     1 |     3 |     2 |     3 |     5 |    11 |       ||    25
       Staff             |       |       |       |       |       |   218 |   285 |   386 |    77 ||   966
 Cast: Shock             |    60 |    80 |   159 |    98 |    40 |       |       |       |       ||   437
       Static Discharge  |       |     3 |     4 |    11 |    56 |       |       |       |       ||    74
       Airstrike         |       |       |    43 |   191 |   244 |       |       |       |       ||   478
       Swiftness         |       |       |       |     8 |     5 |     1 |     3 |       |       ||    17
       Summon Lightning  |       |       |       |    16 |    67 |     2 |     1 |       |       ||    86
       Maxwell's Capacit |       |       |       |       |    46 |   210 |   107 |   195 |    52 ||   610
       Statue Form       |       |       |       |       |    11 |    99 |    83 |   101 |    22 ||   316
       Orb of Destructio |       |       |       |       |       |    17 |     6 |       |       ||    23
       Conjure Ball Ligh |       |       |       |       |       |    34 |    94 |    29 |       ||   157
       Irradiate         |       |       |       |       |       |    10 |    31 |    31 |     6 ||    78
       Spellforged Servi |       |       |       |       |       |     2 |       |     5 |       ||     7
       Malign Gateway    |       |       |       |       |       |       |     2 |     9 |       ||    11
       Lehudib's Crystal |       |       |       |       |       |       |       |     1 |       ||     1
Invok: Curse Item        |       |       |     2 |     4 |     4 |     2 |     3 |     1 |       ||    16
       Shatter the Chain |       |       |       |       |     1 |     1 |     2 |     2 |       ||     6
 Abil: End Transformatio |       |       |       |       |       |       |       |     1 |     2 ||     3
Evoke: Wand              |       |       |       |    15 |     6 |     4 |    11 |    13 |     1 ||    50
       Condenser vane    |       |       |       |       |     2 |     1 |       |     1 |       ||     4
       Phantom mirror    |       |       |       |       |       |     1 |       |       |       ||     1
       Box of beasts     |       |       |       |       |       |       |     1 |       |     1 ||     2
       Tin of tremorston |       |       |       |       |       |       |       |     3 |     1 ||     4
  Use: Scroll            |       |     4 |     4 |     1 |     8 |     5 |     2 |     9 |     2 ||    35
       Potion            |       |       |       |       |       |     4 |     1 |     6 |    16 ||    27
 Stab: Sleeping          |       |       |    11 |     4 |     5 |       |     7 |    10 |       ||    37
       Paralysed         |       |       |       |     2 |     1 |     1 |       |     6 |       ||    10
       Distracted        |       |       |       |     2 |     2 |       |     1 |     1 |     1 ||     7
Armor: Skin              |     1 |     1 |     4 |     8 |    71 |   489 |   369 |   364 |    44 ||  1351
Dodge: Dodged            |     8 |    16 |    62 |   113 |   210 |   679 |   960 |  1451 |   195 ||  3694
Block: Buckler           |       |       |       |    13 |   134 |   391 |   396 |   543 |    85 ||  1562

Table legend: (Time is in decaauts)
 A = Elapsed time spent in this place.
 B = Non-inter-level travel time spent in this place.
 C = Inter-level travel time spent in this place.
 D = Time resting spent in this place.
 E = Time spent auto-exploring this place.
 F = Levels seen in this place.
 G = Mean time per level.
                   A        B        C        D        E       F      G
               +--------+--------+--------+--------+--------+-----+--------+
         Total |  75466 |  70038 |   5428 |  27523 |  24455 |  55 | 1372.1 |
       Dungeon |  20892 |  18260 |   2632 |   7293 |   7288 |  15 | 1392.8 |
        Temple |    231 |    178 |     53 |      0 |    169 |   1 |  231.0 |
          Lair |  11303 |  10443 |    860 |   4668 |   3744 |   6 | 1883.8 |
        Shoals |   5667 |   5491 |    176 |   1960 |   2345 |   4 | 1416.8 |
     Snake Pit |   8593 |   8358 |    235 |   3706 |   2341 |   4 | 2148.2 |
    Slime Pits |   2579 |   2484 |     95 |    829 |    321 |   5 |  515.8 |
  Orcish Mines |   1551 |   1506 |     45 |    230 |    777 |   2 |  775.5 |
        Vaults |   8553 |   7881 |    672 |   2502 |   3228 |   4 | 2138.2 |
        Depths |   7339 |   6840 |    499 |   2353 |   2371 |   4 | 1834.8 |
           Zot |   6413 |   6256 |    157 |   2893 |   1368 |   5 | 1282.6 |
        Bazaar |    290 |    290 |      0 |    114 |    112 |   2 |  145.0 |
         Sewer |    392 |    392 |      0 |     66 |    172 |   1 |  392.0 |
      Ice Cave |    628 |    628 |      0 |    426 |      6 |   1 |  628.0 |
        Wizlab |   1029 |   1029 |      0 |    480 |    212 |   1 | 1029.0 |
               +--------+--------+--------+--------+--------+-----+--------+

Top non-repeatable levels by time:
 Snake:3: 3064 daAuts
  Lair:6: 2709 daAuts
Depths:3: 2618 daAuts
Vaults:2: 2537 daAuts
    D:12: 2391 daAuts
   Zot:5: 2366 daAuts
     D:3: 2292 daAuts
 Snake:4: 2282 daAuts
Vaults:1: 2211 daAuts
 Snake:2: 2200 daAuts
  Lair:2: 2110 daAuts
Vaults:4: 2092 daAuts
  Lair:5: 2067 daAuts
Shoals:3: 1980 daAuts
     D:9: 1874 daAuts
